 Dungeon Crawl Stone Soup version 0.28-a0-381-g937acc2988 (webtiles) character file.

Game seed: 2456826752575166799

7 Archison the Sneak (level 1, 0/9 HPs)
             Began as a Spriggan Enchanter on Aug 31, 2021.
             Slain by an adder (4 damage)
             ... on level 2 of the Dungeon on Sept 1, 2021.
             The game lasted 00:03:31 (508 turns).

Archison the Sneak (Spriggan Enchanter)              Turns: 508, Time: 00:03:31

Health: 0/9        AC:  2    Str:  4    XL:     1   Next: 83%
Magic:  5/5        EV: 17    Int: 16    God:
Gold:   0          SH:  0    Dex: 15    Spells: 5/5 levels left

rFire   . . .      SeeInvis +   a - +1 dagger
rCold   . . .      Faith    .   (shield restricted)
rNeg    . . .      Spirit   .   b - +0 robe
rPois   .          Reflect  .   (helmet restricted)
rElec   .          Harm     .   (no cloak)
rCorr   .          Rampage  .   (gloves unavailable)
Will    .....                   (boots unavailable)
Stlth   +++.......              (no amulet)
HPRegen 0.03/turn               (no ring)
MPRegen 0.09/turn               (no ring)

@: very quick
A: very small, no large weapons, unfitting armour, see invisible, speed 3
a: no special abilities


You were on level 2 of the Dungeon.
You visited 1 branch of the dungeon, and saw 2 of its levels.

Inventory:

Hand Weapons
 a - a +1 dagger (weapon)
Armour
 b - a +0 robe (worn)
Scrolls
 d - a scroll of blinking {unknown}
Potions
 c - 3 potions of invisibility
 e - a potion of curing {unknown}
 f - a potion of flight {unknown}


   Skills:
 - Level 1.1 Short Blades
 * Level 3.0 Dodging
 * Level 4.5 Stealth
 - Level 2.6 Spellcasting
 * Level 3.9 Hexes


You had 5 spell levels left.
You didn't know any spells.
Your spell library contained the following spells:

 Spells                   Type           Power      Damage    Failure   Level
 Confusing Touch          Hex            14%        N/A       12%         3
 Tukima's Dance           Hex            14%        N/A       12%         3
 Ensorcelled Hibernation  Hex/Ice        16%        N/A       13%         2
 Dazzling Flash           Conj/Hex       16%        N/A       26%         3


Dungeon Overview and Level Annotations

Branches:
Dungeon (2/15)

Altars:


Innate Abilities, Weirdness & Mutations

You are very small and have problems with some larger weapons.
You are too small for most types of armour.
You have supernaturally acute eyesight. (SInv)
You cover ground extremely quickly. (Speed+++)


Message History

You start resting.
HP restored.
You open the door.
Found a stone staircase leading down.
There is an open door here.
Found a potion of invisibility.
Okay, then.
You don't know any spells.
c - 3 potions of invisibility (gained 1)
Found a robe.
You see here a +0 robe.
You open the door.
There is an open door here.
Found a silvery potion and 17 stones.
Save game and exit?
Welcome back, Archison the Spriggan Enchanter.
Press ? for a list of commands and other information.
A goblin comes into view. It is wielding a +0 dagger.
Found a chain mail.
The goblin shouts!
You see here a silvery potion.
A goblin is nearby!
You can't go up here!
Unknown command.
Okay, then.
The goblin hits you with a +0 dagger.
An adder comes into view.
The adder hisses angrily.
You hit the goblin.
The goblin is moderately wounded.
The goblin barely misses you.
You hit the goblin.
You kill the goblin!
You see here a silvery potion.
f - a silvery potion You don't know any spells.
You hit the adder but do no damage. The adder barely misses you.
You hit the adder but do no damage. The adder barely misses you.
You hit the adder but do no damage. The adder bites you. x2
You die...

###+#### .......# .......#
# .......# .##.
......########## ...S.
(.........[....
....[.#########.....#.....
......).S@..........'.....
###...#########.....#.....
+.. #.....###### #.
############ .. #...... ..
#...... # #...... #......
#......


You could see an adder.

Vanquished Creatures
  A ball python (D:1)
  A hobgoblin (D:1)
  2 goblins
  3 rats (D:1)
7 creatures vanquished.

Notes
Turn   | Place    | Note
-------+----------+-------------------------------------------
     0 | D:1      | Archison the Spriggan Enchanter began the quest for the
                  | Orb.
     0 | D:1      | Reached XP level 1. HP: 9/9 MP: 5/5
   486 | D:2      | Upgraded the game from 0.28-a0-313-gbc0475efdd to
                  | 0.28-a0-381-g937acc2988
   508 | D:2      | Slain by an adder

Illustrated notes

Levels and vault maps discovered:
D:1:      roderic_crossed_star, layout_rooms
D:2:      layout_basic

Skill      XL: |  1 |
---------------+----+-----
Dodging        | 3 |  3.0
Short Blades   | |  1.1
Stealth        | |  4.5
Spellcasting   | |  2.6
Hexes          | |  3.9

Action                   || total
-------------------------++-------
Melee: Dagger            ||    29
 Stab: Sleeping          ||     2
Armor: Robe              ||     8
Dodge: Dodged            ||    43

Table legend: (Time is in decaauts)
 A = Elapsed time spent in this place.
 B = Non-inter-level travel time spent in this place.
 C = Inter-level travel time spent in this place.
 D = Time resting spent in this place.
 E = Time spent auto-exploring this place.
 F = Levels seen in this place.
 G = Mean time per level.
                   A        B        C        D        E       F      G
               +--------+--------+--------+--------+--------+-----+--------+
         Total |    407 |    407 |      0 |    221 |     19 |   2 |  203.5 |
       Dungeon |    407 |    407 |      0 |    221 |     19 |   2 |  203.5 |
               +--------+--------+--------+--------+--------+-----+--------+

Top non-repeatable levels by time:
     D:2: 259 daAuts
     D:1: 147 daAuts
